 Dungeon Crawl Stone Soup version 0.31-a0-640-g39d97e502b (webtiles) character file.

Game seed: 12370669579024598544

21 rvierbuc the Digger (level 2, -1/20 HPs)
             Began as a Draconian Earth Elementalist on Aug 29, 2023.
             Slain by a cerulean imp
             ... wielding a +2 spear
             ... summoned by Natasha
              (4 damage)
             ... on level 2 of the Dungeon.
             The game lasted 00:01:41 (1030 turns).

rvierbuc the Digger (Draconian Earth Elementalist)  Turns: 1030, Time: 00:01:42

Health: -1/20      AC:  4    Str: 10    XL:     2   Next: 62%
Magic:  2/5        EV: 12    Int: 15    God:
Gold:   15         SH:  0    Dex: 11    Spells: 4/5 levels left

rFire   . . .        e - staff of conjuration
rCold   . . .        (no shield)
rNeg    . . .        (body armour unavailable)
rPois   .            (helmet restricted)
rElec   .            (no cloak)
rCorr   .            (no gloves)
SInv    .            (no boots)
Will    .....        (no amulet)
Stlth   ++           (no ring)
HPRegen 0.23/turn    (no ring)
MPRegen 0.09/turn

%: no passive effects
@: very slightly contaminated, slowed, very slow
A: AC +4, unfitting armour, cold-blooded
a: no special abilities


You were on level 2 of the Dungeon.
You visited 1 branch of the dungeon, and saw 2 of its levels.

You collected 15 gold pieces.

Inventory:

Magical Staves
 e - a staff of conjuration (weapon)
Scrolls
 b - a scroll of poison {unknown}
 c - a scroll of blinking {unknown}
 d - a scroll of amnesia {unknown}
Potions
 a - a potion of magic


   Skills:
 + Level 2.0 Dodging
 + Level 2.1 Stealth
 + Level 2.2 Spellcasting
 + Level 1.4 Transmutations
 + Level 3.2 Earth Magic


You had 4 spell levels left.
You knew the following spells:

 Your Spells              Type           Power      Damage    Failure   Level
a - Sandblast             Erth           22%        2d7       6%          1

Your spell library contained the following spells:

 Spells                   Type           Power      Damage    Failure   Level
 Passwall                 Tmut/Erth      6%         N/A       13%         2
 Stone Arrow              Conj/Erth      18%        3d8       32%         3
 Petrify                  Tmut/Erth      8%         N/A       63%         4


Dungeon Overview and Level Annotations

Branches:
Dungeon (2/15)

Altars:

Shops:
D:1 (

Annotations:
D:2 Natasha


Innate Abilities, Weirdness & Mutations

Your plain brown scales are hard. (AC +4)
You cannot fit into any form of body armour.
You are cold-blooded and may be slowed by cold attacks.


Message History

There is a stone staircase leading down here.
You see here a +0 dagger.
Done exploring.
Done exploring.
Done exploring.
Okay, then.
You aren't carrying any wearable armour.
There is a stone staircase leading down here.
You climb downwards.
Found a scroll labelled TOSTRU ISEGILL, 5 large rocks and a spear.
There is a stone staircase leading up here.
There are monsters nearby!
You can't see any susceptible monsters within range! (Use Z to cast anyway.) Natasha hisses angrily.
The blast of sand hits Natasha.
Natasha is heavily wounded.
Natasha mumbles some strange words.
The blast of sand hits the cerulean imp.
The cerulean imp is lightly wounded.
The cerulean imp hits you from afar with a +2 spear.
You miscast Sandblast.
You are very lightly contaminated with residual magic.
Nothing appears to happen.
Natasha closely misses you.
The cerulean imp hits you from afar with a +2 spear.
The giant cockroach barely misses you. Natasha attacks as she pursues you!
Natasha misses you. Natasha claws you.
The cerulean imp attacks as it pursues you!
The cerulean imp closely misses you.
The giant cockroach bites you but does no damage.
Natasha growls.
Natasha attacks as she pursues you! Natasha claws you!
* * * LOW HITPOINT WARNING * * *
The cerulean imp hits you from afar with a +2 spear.
* * * LOW HITPOINT WARNING * * *
There is a stone staircase leading up here.
The giant cockroach barely misses you. Natasha casts a spell at you.
You feel yourself slow down.
The cerulean imp hits you from afar with a +2 spear.
You die...

#... #... .#
#... .#
#...######.##
#.....(.....#
#..........##.
#?............
#...@h.....#
#....B5....#
#..........#
#..........#
#..........#
#..........#
#...)......#
#..........#
############


You could see Natasha, a cerulean imp (summoned) and a giant cockroach.

Vanquished Creatures
  A bat (D:1)
  3 endoplasms (D:1)
  2 giant cockroaches (D:1)
  2 goblins (D:1)
  A hobgoblin (D:1)
  A quokka (D:1)
  3 ball pythons (D:1)
  2 frilled lizards (D:1)
  5 rats (D:1)
20 creatures vanquished.

Notes
Turn   | Place    | Note
-------+----------+-------------------------------------------
     0 | D:1      | rvierbuc the Draconian Earth Elementalist began the quest
                  | for the Orb.
     0 | D:1      | Reached XP level 1. HP: 14/14 MP: 3/3
   160 | D:1      | Found Zerhot's Weapon Shop.
   187 | D:1      | Reached XP level 2. HP: 20/20 MP: 3/5
  1022 | D:2      | Noticed Natasha
  1030 | D:2      | Slain by a cerulean imp

Illustrated notes

Levels and vault maps discovered:
D:1:      minmay_arrival_four_circles, layout_loops_ring, serial_shops, shop,
          grunt_decor_clamped, minmay_misc_feat_alley, roderic_roman_lattice
D:2:      layout_basic, kennysheep_jessica_study, uniq_robin, uniq_natasha

Skill      XL: |  1  2 |
---------------+-------+-----
Stealth        | 2 |  2.1
Dodging        | 2 |  2.0
Spellcasting   | |  2.2
Transmutations | |  1.4
Earth Magic    | |  3.2

Action                     || total
---------------------------++-------
   Cast: Sandblast         ||    29
 Armour: Skin              ||     2
  Dodge: Dodged            ||     9

Table legend: (Time is in decaauts)
 A = Elapsed time spent in this place.
 B = Non-inter-level travel time spent in this place.
 C = Inter-level travel time spent in this place.
 D = Time resting spent in this place.
 E = Time spent auto-exploring this place.
 F = Levels seen in this place.
 G = Mean time per level.
                   A        B        C        D        E       F      G
               +--------+--------+--------+--------+--------+-----+--------+
         Total |   1043 |   1024 |     19 |      0 |    917 |   2 |  521.5 |
       Dungeon |   1043 |   1024 |     19 |      0 |    917 |   2 |  521.5 |
               +--------+--------+--------+--------+--------+-----+--------+

Top non-repeatable levels by time:
     D:1: 1035 daAuts
     D:2: 8 daAuts
